 Dungeon Crawl Stone Soup version 0.29.0-4-gdea44cf6ec (webtiles) character file.

Game seed: 9279614224647904793

40 qw the Chopper (level 3, -1/21 HPs)
             Began as a Tengu Warper on Aug 28, 2022.
             Slain by a goblin
             ... wielding a +0 club
             ... led by Robin
              (4 damage)
             ... on level 2 of the Dungeon.
             The game lasted 00:00:07 (1491 turns).

qw the Chopper (Tengu Warper)                       Turns: 1491, Time: 00:00:08

Health: -1/21      AC:  6    Str: 11 (13) XL:     3   Next: 50%
Magic:  7/7        EV: 14    Int: 11 (13) God:
Gold:   60         SH:  0    Dex: 10 (13) Spells: 6/6 levels left

rFire   . . .      SeeInvis .   Y - +0 hand axe
rCold   . . .      Faith    .   (no shield)
rNeg    . . .      Spirit   .   m - +0 ring mail
rPois   .          Reflect  .   (helmet restricted)
rElec   .          Harm     .   n - +0 cloak
rCorr   .          Rampage  .   (no gloves)
Will    .....                   (boots unavailable)
Stlth   ..........              (no amulet)
HPRegen 0.07/turn               o - +4 ring of evasion
MPRegen 0.10/turn               (no ring)

@: lethally poisoned (-1 -> -8)
A: beak, talons 3
a: no special abilities


You were on level 2 of the Dungeon.
You visited 1 branch of the dungeon, and saw 2 of its levels.

You collected 60 gold pieces.


Innate Abilities, Weirdness & Mutations

You have a beak for a mouth.
You have claws for feet.


   Skills:
 - Level 2.0 Fighting
 + Level 4.2 Axes
 - Level 1.0 Throwing
 - Level 1.1 Armour
 - Level 2.1 Dodging
 - Level 2.0 Spellcasting
 - Level 2.4 Translocations


You had 6 spell levels left.
You didn't know any spells.
Your spell library contained the following spells:

 Spells                   Type           Power      Damage    Failure   Level
 Blink                    Tloc           12%        N/A       36%         2
 Gell's Gravitas          Tloc           6%         N/A       61%         3
 Lesser Beckoning         Tloc           6%         N/A       61%         3
 Teleport Other           Tloc           6%         N/A       61%         3
 Manifold Assault         Tloc           6%         N/A       100%        5

Inventory:

Hand Weapons
 h - a +0 whip
 Y - a +0 hand axe (weapon)
Armour
 a - a scarf of invisibility
 m - a +0 ring mail (worn)
 n - a +0 cloak (worn)
Jewellery
 o - a +4 ring of evasion (left hand)
Potions
 i - a potion of magic {unknown}

Dungeon Overview and Level Annotations

Branches:
Dungeon (2/15)

Altars:

Shops:
D:1 :

Annotations:
D:2 Robin


Message History

The goblin hits you with a +0 club.
Robin roars a battlecry!
The goblins go into a battle-frenzy!
You hear a shout! x2
You barely miss the goblin. You claw the goblin, but do no damage.
The goblin hits you but does no damage.
A goblin comes into view. It is wielding a +0 dagger.
You closely miss the goblin. The goblin hits you with a +0 club.
A goblin comes into view. It is wielding a +0 club.
You hit the goblin.
You kill the goblin!
A goblin comes into view. It is wielding a +0 club.
Robin throws the goblin at you! The goblin hits you with a +0 dagger.
You hit the goblin.
You kill the goblin!
You hit the goblin. The goblin barely misses you.
You closely miss the goblin.
The goblin is severely wounded.
An endoplasm comes into view.
The goblin hits you with a +0 club. Robin throws the goblin at you!
The endoplasm quivers.
You slash the goblin!
You kill the goblin!
You hit the goblin.
You kill the goblin!
You barely miss Robin. Your peck misses Robin. Your punch misses Robin.
Robin hits you with a +1 short sword of venom.
You are lethally poisoned!
A goblin comes into view. It is wielding a +0 club.
You barely miss Robin. You claw Robin, but do no damage.
You feel very sick.
Robin roars a battlecry!
The goblin goes into a battle-frenzy!
You hit Robin. You peck Robin.
Robin is moderately wounded.
You feel sick. Robin throws the goblin at you! The goblin barely misses you.
The goblin hits you with a +0 club.
You die...

###.#
#.#
#.#
#.#
#.#
#.#
#.#
#g#
#@#
#g#
#g#
#.#
...
...
.###.
g .
gg .#


You could see Robin and 2 goblins.

Vanquished Creatures
  A dart slug (D:1)
  3 ball pythons (D:1)
  2 endoplasms (D:1)
  A giant cockroach (D:1)
  8 goblins
  7 hobgoblins
  2 kobolds (D:1)
  2 quokkas (D:1)
  2 bats (D:1)
  3 rats
31 creatures vanquished.

Notes
Turn   | Place    | Note
-------+----------+-------------------------------------------
     0 | D:1      | qw the Tengu Warper began the quest for the Orb.
     0 | D:1      | Reached XP level 1. HP: 12/12 MP: 4/4
     0 | D:1      | 0 ||| qw: Version: 0.1-a-89-g26bdef1
     0 | D:1      | 0 ||| qw: Game counter: 159
     0 | D:1      | 0 ||| qw: Always use a shield: true
     0 | D:1      | 0 ||| qw: God list: Okawaru
     0 | D:1      | 0 ||| qw: Allow faded altars: false
     0 | D:1      | 0 ||| qw: Do Orc after D:15 true
     0 | D:1      | 0 ||| qw: Do second Lair branch before Depths: true
     0 | D:1      | 0 ||| qw: Lair rune preference: random
     0 | D:1      | 0 ||| qw: Plans: Normal
     0 | D:1      | 0 ||| PLANNING D:1-11
    72 | D:1      | Found a faded altar of an unknown god.
   210 | D:1      | Reached skill level 3 in Axes
   210 | D:1      | Reached XP level 2. HP: 9/17 MP: 6/6
   610 | D:1      | 610 ||| Stepping ~*~*~tactically~*~*~ (stealth).
   611 | D:1      | 611 ||| Stepping ~*~*~tactically~*~*~ (stealth).
   995 | D:1      | Reached XP level 3. HP: 20/21 MP: 7/7
  1168 | D:1      | Found Fydgh's Vocational Training.
  1363 | D:1      | 1363 ||| UPGRADING to +0 ring mail.
  1373 | D:1      | 1373 ||| DROPPING +0 leather armour.
  1374 | D:1      | 1374 ||| UPGRADING to +0 cloak.
  1379 | D:1      | 1379 ||| UPGRADING to +4 ring of evasion.
  1380 | D:1      | 1380 ||| READING scroll labelled GOESCH ZUERRERPH.
  1381 | D:1      | 1381 ||| READING scroll labelled FENUNO SOTIORE.
  1382 | D:1      | 1382 ||| READING scroll labelled ALISYBB UPRIR.
  1385 | D:1      | 1385 ||| READING scroll labelled OCAUVVIETRO.
  1386 | D:1      | 1386 ||| READING 3 scrolls labelled WISAQEBIST.
  1387 | D:1      | 1387 ||| READING scroll labelled CILEMI GUANI.
  1388 | D:1      | 1388 ||| DRINKING 2 smoky purple potions.
  1389 | D:1      | 1389 ||| DROPPING scroll of blinking.
  1390 | D:1      | 1390 ||| DROPPING potion of degeneration.
  1391 | D:1      | 1391 ||| DROPPING 2 scrolls of magic mapping.
  1469 | D:2      | Identified the +1 helmet "Yniph" {Dex+4}
  1469 | D:2      | Noticed Robin
  1470 | D:2      | 1470 ||| Stepping ~*~*~tactically~*~*~ (stealth).
  1478 | D:2      | Reached skill level 4 in Axes
  1490 | D:2      | HP: 5/21 [poisoned by Robin]
  1491 | D:2      | Slain by a goblin

Levels and vault maps discovered:
D:1:      dpeg_arrival_more_subterranean_lakeside_camping, layout_basic,
          shapermc_ecumenical_altar_totnotflames, nicolae_shop_vocational
D:2:      layout_loops_ring, serial_shops, nicolae_shop_waterfront, shop,
          kennysheep_generic_room_9, uniq_robin

Skill      XL: |  1  2  3 |
---------------+----------+-----
Axes           | 3 4 |  4.2
Fighting       | |  2.0
Throwing       | |  1.0
Armour         | |  1.1
Dodging        | |  2.1
Spellcasting   | |  2.0
Translocations | |  2.4

Action                   || total
-------------------------++-------
Melee: Hand axe          ||    74
       Kick              ||    21
       Peck              ||    12
Throw: Boomerang         ||     7
  Use: Scroll            ||     6
       Potion            ||     1
Armor: Leather armour    ||    10
       Ring mail         ||     6
Dodge: Dodged            ||    29

Table legend:
 A = Non-vault XP
 B = Vault XP
 C = Vault XP percentage of total XP
 D = Non-vault monster count
 E = Vault monster count
 F = Vault count percentage of total count
                 A         B        C        D         E       F
            +---------+---------+-------+---------+---------+-------
      Total |      42 |      16 |  27.6 |      23 |       8 |  25.8
            +---------+---------+-------+---------+---------+-------
        D:1 |      41 |       0 |   0.0 |      22 |       0 |   0.0
        D:2 |       1 |      16 |  94.1 |       1 |       8 |  88.9
            +---------+---------+-------+---------+---------+-------
